 Dungeon Sprint DCSS version 0.31-a0-920-g28cbb04a8c (webtiles) character file.

Game seed: 5876221462126468667

6351 sircluck the Brawler (level 10, -12/119 HPs)
             Began as a Troll Berserker on Oct 17, 2023.
             Was the Champion of Trog.
             Killed from afar by a nagaraja (42 damage)
             ... with a bolt of poison
             ... in the Dungeon (Sprint VII: "The Pits").
             The game lasted 00:07:12 (1065 turns).

sircluck the Brawler (Troll Berserker)              Turns: 1065, Time: 00:07:14

Health: -12/119    AC:  5    Str: 31    XL:     10   Next: 65%
Magic:  9/9        EV: 13    Int:  9    God:    Trog [******]
Gold:   12         SH:  0    Dex:  9    Spells: 9/9 levels left

rFire   . .          .
                       - Unarmed
rCold   . . .        (no shield)
rNeg    . . .        a - +0 animal skin
rPois   .            (helmet restricted)
rElec   .            m - +0 cloak
rCorr   .            (gloves unavailable)
SInv    .            (boots unavailable)
Will    .....        (no amulet)
Stlth   +            k - +3 ring of intelligence
HPRegen 1.19/turn    l - +3 ring of intelligence
MPRegen 0.11/turn

%: no teleportation
@: confused, lethally poisoned (-12 -> -34), on berserk cooldown, slowed, very
slow
A: large, unfitting armour, claws 3, regeneration 1, shaggy fur 1, tough skin 1
a: Renounce Religion, Berserk, Trog's Hand, Brothers in Arms


You were in the Dungeon.
You worshipped Trog.
Trog was exalted by your worship.
You visited 1 branch You collected 12 gold pieces.

Inventory:

Armour
 a - a +0 animal skin (worn)
 m - a +0 cloak (worn)
Jewellery
 k - a +3 ring of intelligence (left claw)
 l - a +3 ring of intelligence (right claw)
Wands
 o - a wand of iceblast (14)
Scrolls
 g - a scroll of blinking
 i - 2 scrolls of vulnerability
 j - a scroll of butterflies
Potions
 b - 7 potions of curing
 c - 8 potions of heal wounds
 d - 3 potions of haste
 e - 4 potions of magic
 f - 3 potions of berserk rage
 h - 2 potions of invisibility
 n - a potion of resistance


   Skills:
 + Level 13.0 Fighting
 + Level 12.8 Dodging
 + Level 15.1 Unarmed Combat


You had 9 spell levels left.
You didn't know any spells.
Your spell library was empty.

Dungeon Overview and Level Annotations

Branches:
Dungeon (1/1)

Altars:
Ashenzari
Cheibriados
Dithmenos
Elyvilon
Fedhas
Gozag
Hepliaklqana
Kikubaaqudgha
Makhleb
Nemelex Xobeh
Okawaru
Qazlal
Ru
Sif Muna
Trog
Uskayaw
Vehumet
Wu Jian
Xom
Yredelemnul
Zin
The Shining One
Jiyva
Lugonu


Innate Abilities, Weirdness & Mutations

You are too large for most types of armour.
You have claws for hands.
Your natural rate of healing is unusually fast.
You are covered in fur. (AC +1)
You have tough skin. (AC +1)


Message History

You closely miss the nagaraja.
The nagaraja is heavily wounded.
You are engulfed in noxious fumes.
You choke on the stench!
You are confused.
You feel very sick.
The nagaraja's grasp on you weakens, but your attempt to escape fails.
You are engulfed in noxious fumes.
You choke on the stench!
You are more confused.
You feel very sick. The nagaraja hits you with a +0 club.
* * * LOW HITPOINT WARNING * * *
The nagaraja constricts you.
* * * LOW HITPOINT WARNING * * *
Unknown command.
Unknown command.
You escape the nagaraja's grasp.
You feel a strong urge to attack something.
You feel very sick. The nagaraja attacks as it pursues you!
The nagaraja hits you with a +0 club!
* * * LOW HITPOINT WARNING * * *
The nagaraja grabs you. The nagaraja constricts you.
* * * LOW HITPOINT WARNING * * *
Unknown command.
Unknown command.
You claw the nagaraja!
The nagaraja is heavily wounded.
You feel sick.
You escape the nagaraja's grasp.
You are no longer berserk.
You are exhausted.
You feel yourself slow down.
* * * LOW HITPOINT WARNING * * *
You feel sick.
Unknown command.
Unknown command.
Unknown command.
You feel much better.
You feel very sick.
The nagaraja gestures at you while chanting.
The bolt of poison hits you!!!
You are more poisoned.
You die...

#''###### #''# #####
########
#..###...###..†...#
#...##..)##..##...###
##...##'##..###...°k#
##..........##.))#..#
##..###'###...##k##...#
#..##....)##..#..N#...#
#..+.....)))..'.@.+...+
#..##....)##..#...#..N#
##))###+###...##+##...#
##))†...÷...## ..##
#...##'##..##
#...##†..##..#
#..###...###..+ ###
##### ####


You could see a nagaraja (fast) and a swamp drake.

Vanquished Creatures
  A death yak (D)
  An orc high priest (D)
  2 deep elf pyromancers (D)
  Maurice (D)
  2 rime drakes (D)
  An efreet (D)
  A guardian mummy (D)
  A spriggan (D)
  6 yaks (D)
  A basilisk (D)
  A wyvern (D)
  A chaos spawn (D)
  2 wargs (D)
  Menkaure (D)
  A water moccasin (D)
  A floating eye (D)
  A swamp drake (D)
  2 orc warriors (D)
  3 wolves (D)
  A necrophage (D)
  A scorpion (D)
  A crimson imp (D)
  4 orc priests (D)
  A jelly (D)
  An iron imp (D)
  3 orc wizards (D)
  2 iguanas (D)
  2 gnolls (D)
  An adder (D)
  A river rat (D)
  An adder zombie (D)
  7 orcs (D)
  3 endoplasms (D)
  2 giant cockroaches (D)
  A hobgoblin (D)
  4 jackals (D)
  A ball python (D)
  A rat (D)
68 creatures vanquished.

Notes
Turn   | Place    | Note
-------+----------+-------------------------------------------
     0 | D        | sircluck the Troll Berserker began the quest for the Orb.
     0 | D        | Reached XP level 1. HP: 22/22 MP: 0/0
    11 | D        | Noticed a scorpion
    19 | D        | Killed a scorpion
    20 | D        | Reached skill level 5 in Unarmed Combat
    20 | D        | Reached XP level 2. HP: 11/32 MP: 1/1
    20 | D        | Reached XP level 3. HP: 14/39 MP: 2/2
    69 | D        | Found a bloodstained altar of Trog.
    69 | D        | Found a shimmering blue altar of Sif Muna.
    69 | D        | Found a viscous altar of Jiyva.
    69 | D        | Found a hazy altar of Hepliaklqana.
    69 | D        | Found an opulent altar of Gozag.
    70 | D        | Found a glowing golden altar of the Shining One.
    70 | D        | Found a glowing silver altar of Zin.
    70 | D        | Found a basalt altar of Yredelemnul.
    70 | D        | Found a shimmering altar of Xom.
    70 | D        | Found an ornate altar of the Wu Jian Council.
    70 | D        | Found a sacrificial altar of Ru.
    70 | D        | Found a stormy altar of Qazlal.
    70 | D        | Found an iron altar of Okawaru.
    70 | D        | Found a sparkling altar of Nemelex Xobeh.
    70 | D        | Found a burning altar of Makhleb.
    70 | D        | Found a blossoming altar of Fedhas.
    70 | D        | Found a white marble altar of Elyvilon.
    70 | D        | Found a shadowy altar of Dithmenos.
    70 | D        | Found a snail-covered altar of Cheibriados.
    72 | D        | Found a radiant altar of Vehumet.
    72 | D        | Found a corrupted altar of Lugonu.
    73 | D        | Found a hide-covered altar of Uskayaw.
    73 | D        | Found an ancient bone altar of Kikubaaqudgha.
    73 | D        | Found a broken altar of Ashenzari.
    94 | D        | Reached XP level 4. HP: 48/49 MP: 3/3
    94 | D        | Reached ** piety under Trog
   114 | D        | Reached *** piety under Trog
   126 | D        | Noticed an orc warrior
   135 | D        | Killed an orc warrior
   135 | D        | Reached **** piety under Trog
   136 | D        | Reached skill level 5 in Fighting
   136 | D        | Reached skill level 5 in Dodging
   136 | D        | Reached skill level 7 in Unarmed Combat
   136 | D        | Reached XP level 5. HP: 12/59 MP: 4/4
   151 | D        | Reached ***** piety under Trog
   246 | D        | Received a gift from Trog
   247 | D        | Reached XP level 6. HP: 56/68 MP: 5/5
   249 | D        | Reached skill level 8 in Unarmed Combat
   266 | D        | Noticed a floating eye
   268 | D        | Paralysed by a floating eye for 3 turns
   275 | D        | Killed a floating eye
   276 | D        | Reached skill level 9 in Unarmed Combat
   284 | D        | Noticed a rime drake
   287 | D        | Killed a rime drake
   288 | D        | Reached skill level 10 in Unarmed Combat
   288 | D        | Reached XP level 7. HP: 49/81 MP: 6/6
   320 | D        | Noticed Menkaure
   327 | D        | Killed Menkaure
   327 | D        | Reached ****** piety under Trog
   327 | D        | Received a gift from Trog
   372 | D        | Noticed Maurice
   378 | D        | Reached XP level 8. HP: 92/92 MP: 7/7
   393 | D        | Killed Maurice
   394 | D        | Reached skill level 11 in Unarmed Combat
   499 | D        | Noticed a rime drake
   499 | D        | Noticed a guardian mummy
   510 | D        | Killed a guardian mummy
   511 | D        | Reached skill level 10 in Fighting
   513 | D        | Reached skill level 10 in Dodging
   517 | D        | Killed a rime drake
   518 | D        | Reached skill level 12 in Unarmed Combat
   518 | D        | Reached XP level 9. HP: 100/102 MP: 8/8
   557 | D        | Noticed a deep elf pyromancer
   557 | D        | Noticed a deep elf pyromancer
   562 | D        | Killed a deep elf pyromancer
   562 | D        | Received a gift from Trog
   568 | D        | Killed a deep elf pyromancer
   569 | D        | Reached skill level 13 in Unarmed Combat
   578 | D        | Received a gift from Trog
   630 | D        | Reached XP level 10. HP: 66/115 MP: 9/9
   710 | D        | Reached skill level 14 in Unarmed Combat
   738 | D        | Noticed an orc high priest
   747 | D        | Received a gift from Trog
   764 | D        | Killed an orc high priest
   768 | D        | Received a gift from Trog
   937 | D        | Noticed a death yak
   948 | D        | Killed a death yak
   951 | D        | Received a gift from Trog
   954 | D        | Reached skill level 15 in Unarmed Combat
  1035 | D        | Noticed a nagaraja
  1064 | D        | HP: 5/119 [poisoned by a nagaraja (bolt of poison)]
  1065 | D        | Killed from afar by a nagaraja

Illustrated notes

Levels and vault maps discovered:
D:        pitsprint [storerooms_1, entrance_room_1, metal_vault_5, armoury_1,
          mini_pit_1, grid_room_1, main_hall_1, silver_pit, the_coven_1,
          the_vestibule_1, steel_vault_5, golden_pit, hallway_of_sentries,
          crystal_vault_6, iron_vault_4, final_vault]

Skill      XL: |  1  2  3  4  5  6  7  8  9 10 |
---------------+-------------------------------+-----
Fighting       | 4 5 6 8 9 10 11 13 | 13.0
Dodging        | 4 5 6 8 9 10 11 12 | 12.8
Unarmed Combat | 5 7 10 12 13 15 | 15.1

Action                     |  1- 3 |  4- 6 |  7- 9 | 10-12 || total
---------------------------+-------+-------+-------+-------++-------
  Melee: Unarmed           |    14 |    62 |    58 |    87 ||   221
         Punch             |       |       |     5 |    10 ||    15
 Invoke: Berserk           |       |       |     2 |     1 ||     3
    Use: Potion            |       |     1 |       |     1 ||     2
   Stab: Confused          |       |       |     1 |     2 ||     3
 Armour: Animal skin       |     8 |    44 |    32 |    67 ||   151
  Dodge: Dodged            |     4 |    29 |    25 |    30 ||    88

Table legend: (Time is in decaauts)
 A = Elapsed time spent in this place.
 B = Non-inter-level travel time spent in this place.
 C = Inter-level travel time spent in this place.
 D = Time resting spent in this place.
 E = Time spent auto-exploring this place.
 F = Levels seen in this place.
 G = Mean time per level.
                   A        B        C        D        E       F      G
               +--------+--------+--------+--------+--------+-----+--------+
         Total |   1028 |   1028 |      0 |    356 |    198 |   1 | 1028.0 |
       Dungeon |   1028 |   1028 |      0 |    356 |    198 |   1 | 1028.0 |
               +--------+--------+--------+--------+--------+-----+--------+

Top non-repeatable levels by time:
       D: 1028 daAuts
